 Dungeon Crawl Stone Soup version 0.26-a0-649-gf8c6c3aab7 (webtiles) character file.

Game seed: 10213974752176331848

11 DogServant the Vexing (level 2, 0/16 HPs)
             Began as a Deep Elf Arcane Marksman on Sept 26, 2020.
             Slain by a ball python (1 damage)
             ... on level 1 of the Dungeon.
             The game lasted 00:01:12 (822 turns).

DogServant the Vexing (Deep Elf Arcane Marksman)     Turns: 822, Time: 00:01:12

Health: 0/16       AC:  2    Str:  7    XL:     2   Next: 13%
Magic:  6/6        EV: 10    Int: 17    God:
Gold:   11         SH:  0    Dex: 15    Spells: 3/4 levels left

rFire    . . .     SeeInvis .   a - +0 shortbow
rCold    . . .     Faith    .   (shield currently unavailable)
rNeg     . . .     Spirit   .   e - +0 robe
rPois    .         Reflect  .   (no helmet)
rElec    .         Harm     .   (no cloak)
rCorr    .         Rampage  .   (no gloves)
MR       .....                  (no boots)
Stlth    +.........             (no amulet)
HPRegen  0.05/turn              (no ring)
MPRegen  0.10/turn              (no ring)

@: constricted
A: no striking features
a: no special abilities


You were on level 1 of the Dungeon.
You visited 1 branch of the dungeon, and saw 1 of its levels.

You collected 11 gold pieces.

Inventory:

Hand Weapons
 a - a +0 shortbow (weapon)
 c - a +0 short sword
Missiles
 d - 15 arrows (quivered)
Armour
 e - a +0 robe (worn)


   Skills:
 - Level 0.7 Fighting
 + Level 3.0 Bows
 + Level 2.5 Dodging
 - Level 1.7 Spellcasting
 + Level 4.5 Hexes


You had 3 spell levels left.
You knew the following spells:

 Your Spells              Type           Power        Failure   Level
a - Corona                Hex            ###....      3%          1

Your spell library contained the following spells:

 Spells                   Type           Power        Failure   Level
 Slow                     Hex            ###.....     4%          2
 Inner Flame              Hex/Fire       #.......     24%         3
 Portal Projectile        Hex/Tloc       #.....       24%         3
 Cause Fear               Hex            ###.......   30%         4
 Leda's Liquefaction      Hex/Erth       #.........   61%         4


Dungeon Overview and Level Annotations

Branches:
Dungeon (1/15)

Altars:


Message History

You shoot an arrow. The arrow hits the ball python.
The ball python is heavily wounded.
The ball python barely misses you. The ball python constricts you.
Firing (i - inventory)
d - 17 arrows (quivered)
Press: ? - help, Shift-Dir - straight line, f/p - ball python
Aim: a ball python (heavily wounded, constricting you)
You shoot an arrow.
The arrow barely misses the ball python.
The ball python closely misses you.
* * * LOW HITPOINT WARNING * * *
The ball python constricts you.
The ball python bites you but does no damage.
The ball python constricts you.
Firing (i - inventory)
d - 16 arrows (quivered)
Press: ? - help, Shift-Dir - straight line, f/p - ball python
Aim: a ball python (heavily wounded, constricting you)
You shoot an arrow.
The arrow closely misses the ball python.
The ball python barely misses you.
You die...

#.#.#....#.#.#.#
###.#.#.#.##.#.#.#.#
........#..# #.#.#.#
###.#.#....# #.#.#.#
#.#.#..# #.#.#.# # #....#
#.#.#.# #..[## #...#.#
###############(####.#.###†#
..............#.@S..(#.....#
....#########.########.#####
###(# #.......########.# #.#
#.......'........# #.#
#.......########## #.#
#.......# #.# #......(# #.#
######### #.#


You could see a ball python.

Vanquished Creatures
  An ooze (D:1)
  2 hobgoblins (D:1)
  3 frilled lizards (D:1)
  A kobold (D:1)
  A rat (D:1)
8 creatures vanquished.

Notes
Turn   | Place    | Note
-------+----------+-------------------------------------------
     0 | D:1      | DogServant the Deep Elf Arcane Marksman began the quest for
                  | the Orb.
     0 | D:1      | Reached XP level 1. HP: 11/11 MP: 5/5
   819 | D:1      | Reached XP level 2. HP: 3/16 MP: 6/6
   822 | D:1      | Slain by a ball python

Illustrated notes

Levels and vault maps discovered:
D:1:      scummos_arrival_hexagon, layout_basic

Skill      XL: |  1 |
---------------+----+-----
Bows           | 3 |  3.0
Fighting       | |  0.7
Dodging        | |  2.5
Spellcasting   | |  1.7
Hexes          | |  4.5

Action                   || total
-------------------------++-------
Melee: Short sword       ||     9
 Fire: Shortbow          ||    35
 Cast: Corona            ||     7
  Use: Scroll            ||     1
 Stab: Sleeping          ||     1
Armor: Robe              ||     3
Dodge: Dodged            ||    20

Table legend: (Time is in decaauts)
 A = Elapsed time spent in this place.
 B = Non-inter-level travel time spent in this place.
 C = Inter-level travel time spent in this place.
 D = Time resting spent in this place.
 E = Time spent auto-exploring this place.
 F = Levels seen in this place.
 G = Mean time per level.
                   A        B        C        D        E       F      G
               +--------+--------+--------+--------+--------+-----+--------+
         Total |    827 |    781 |     46 |      0 |    690 |   1 |  827.0 |
       Dungeon |    827 |    781 |     46 |      0 |    690 |   1 |  827.0 |
               +--------+--------+--------+--------+--------+-----+--------+

Top non-repeatable levels by time:
     D:1: 827 daAuts
